 Dungeon Crawl Stone Soup version 0.26-a0-712-ga5a9c9c9d0 (webtiles) character file.

Game seed: 5002973616755366670

17313 MalarOregon the Basher (level 12, -10/93 HPs)
             Began as a Green Draconian Fighter on Nov 12, 2020.
             Was an Elder of Hepliaklqana.
             Killed from afar by an ice statue (16 damage)
             ... with a bolt of cold
             ... in an ice cave on Nov 13, 2020.
             The game lasted 00:33:43 (12888 turns).

MalarOregon the Basher (Green Draconian Fighter)   Turns: 12888, Time: 00:33:43

Health: -10/93     AC: 11    Str: 20    XL:     12   Next: 17%
Magic:  13/14      EV: 13    Int: 15    God:    Hepliaklqana [****..]
Gold:   667        SH: 17    Dex: 14    Spells: 11/11 levels left

rFire    . . .     SeeInvis .   a - +5 flail
rCold    + . .     Faith    .   w - +0 tower shield
rNeg     . . .     Spirit   .   (armour unavailable)
rPois    +         Reflect  .   (helmet restricted)
rElec    .         Harm     .   (no cloak)
rCorr    .         Rampage  .   q - +1 pair of gloves
MR       .....                  D - +0 pair of boots
Stlth    ++++......             e - amulet of regeneration
HPRegen  0.65/turn              o - ring of protection from cold
MPRegen  0.14/turn              h - +6 ring of intelligence

@: no status effects
A: breathe noxious fumes, unfitting armour, reduced essence, poison resistance,
cold-blooded, AC +8
a: Breathe Noxious Fumes, Recall Ancestor, Ancestor Identity, Transference,
Idealise, Renounce Religion


You were in an ice cave.
You worshipped Hepliaklqana.
Hepliaklqana was greatly pleased with you.
You visited 3 branches of the dungeon, and saw 12 of its levels.
You also visited: Ice Cave.

You collected 667 gold pieces.

Inventory:

Hand Weapons
 a - a +5 flail (weapon)
Missiles
 d - 6 curare-tipped darts (quivered) {!f}
 m - 13 poisoned darts
 n - 11 boomerangs
 s - 490 stones
 v - 4 throwing nets {!f}
Armour
 q - a +1 pair of gloves (worn)
   (You found it on level 2 of the Dungeon)
 w - a +0 tower shield (worn)
   (You found it on level 3 of the Dungeon)
 D - a +0 pair of boots (worn)
   (You found it on level 8 of the Dungeon)
Jewellery
 e - an amulet of regeneration (around neck)
   (You found it on level 2 of the Lair of Beasts)
 g - an uncursed ring of wizardry
   (You found it on level 8 of the Dungeon)
 h - a +6 ring of intelligence (right hand)
   (You found it on level 4 of the Dungeon)
 o - a ring of protection from cold (left hand)
   (You found it on level 1 of the Dungeon)
Wands
 b - a wand of polymorph (5)
   (You found it on level 8 of the Dungeon)
 t - a wand of flame (3)
   (You took it off Ijyb on level 5 of the Dungeon)
Scrolls
 c - 3 scrolls of identify {@r1}
 p - a scroll of magic mapping
 r - 3 scrolls of remove curse {@r2}
 u - 5 scrolls of teleportation {@r4}
 x - a scroll of immolation {!r}
Potions
 j - 2 potions of cancellation
 k - 2 potions of stabbing
 l - 4 potions of brilliance
 z - 3 potions of haste {@q3}
 A - a potion of magic
 B - 2 potions of flight
 C - 3 potions of curing {@q1}


   Skills:
 + Level 9.2 Fighting
   Level 1.3 Short Blades
 * Level 11.1 Maces & Flails
 + Level 7.7 Dodging
 + Level 7.7 Stealth
 * Level 9.2 Shields
 + Level 3.8 Invocations
 + Level 3.5 Evocations


You had 11 spell levels left.
You didn't know any spells.
Your spell library contained the following spells:

 Spells                   Type           Power        Failure   Level
 Animate Skeleton         Necr           #.....       90%         1
 Apportation              Tloc           #.....       90%         1
 Beastly Appendage        Tmut           #.....       90%         1
 Corona                   Hex            #......      90%         1
 Summon Small Mammal      Summ           #...         90%         1
 Wereblood                Tmut           #.......     97%         2
 Spider Form              Tmut/Pois      #.........   99%         3
 Ice Form                 Ice/Tmut       #.......     100%        4
 Blade Hands              Tmut           #.........   100%        5


Dungeon Overview and Level Annotations

Branches:
Dungeon (8/15)             Temple (1/1) D:4            Lair (3/6) D:8
 Shoals (0/4) Lair:2       Spider (0/4) Lair:2        IceCv (1/1)

Altars:
Ashenzari
Cheibriados
Dithmenos
Elyvilon
Fedhas
Gozag
Hepliaklqana
Makhleb
Nemelex Xobeh
Okawaru
Qazlal
Ru
Sif Muna
Trog
Uskayaw
Vehumet
Wu Jian
Xom
Yredelemnul
Zin
The Shining One

Annotations:
D:2 1 runed translucent door, Crazy Yiuf, Sigmund
D:3 2 transporters, ma3's ghost, amateur GrFi
Lair:3 exclusion: oklob plant IceCv 1 transporter, exclusion: ice statue


Innate Abilities, Weirdness & Mutations

You can breathe blasts of noxious fumes.
Your lurid green scales are hard. (AC +8)
You cannot fit into any form of body armour.
Your system is resistant to poisons. (rPois)
You are cold-blooded and may be slowed by cold attacks.
Your life essence is reduced to manifest your ancestor. (-10% HP)


Message History

The white ugly thing is engulfed in freezing vapours.
The white ugly thing tentacle-slaps you but does no damage.
The white ugly thing is engulfed in freezing vapours.
You feel much better. You block the ice beast's attack.
The white ugly thing barely misses you.
You hit the ice statue. You tail-slap the ice statue!
The ice beast closely misses you. The ice beast hits you.
The ice beast freezes you. You resist.
You block the white ugly thing's attack.
You hit the ice statue. The ice beast completely misses you.
You block the ice beast's attack. The ice statue gestures at you.
The freezing blast misses you. The ice beast closely misses you.
The white ugly thing is engulfed in freezing vapours.
The white ugly thing tentacle-slaps you!
The white ugly thing freezes you! You resist.
You are engulfed in freezing vapours.
You resist.
* * * LOW HITPOINT WARNING * * *
You block the ice beast's attack.
The white ugly thing is engulfed in freezing vapours.
The ice statue gestures at you. The freezing blast engulfs you! You resist.
* * * LOW HITPOINT WARNING * * *
The white ugly thing is engulfed in freezing vapours.
Unknown command.
You hit the ice statue.
You are engulfed in freezing vapours.
You resist.
* * * LOW HITPOINT WARNING * * *
The white ugly thing is engulfed in freezing vapours.
The white ugly thing dies!
The ice statue gestures at you. The freezing blast engulfs you. You resist.
* * * LOW HITPOINT WARNING * * *
Unknown command.
You are engulfed in freezing vapours.
You resist.
* * * LOW HITPOINT WARNING * * *
You block the ice beast's attack. You block the ice beast's attack.
The ice statue gestures at you.
The freezing blast engulfs you but does no damage.
You resist.
Unknown command.
You are engulfed in freezing vapours.
You resist.
* * * LOW HITPOINT WARNING * * *
You are engulfed in freezing vapours.
You resist.
* * * LOW HITPOINT WARNING * * *
The ice statue gestures at you.
The bolt of cold hits the ice beast.
The ice beast completely resists.
The bolt of cold hits the ice beast.
The ice beast completely resists.
The bolt of cold hits you! You resist.
You die...

###########
##...!©(...##
#☼○.8@}.8...#
##.§°YY.$....##
#..☼○Y.$......#
#..°°8○.......#
#...°○........#
##○.°........##
#°..........#
#.....©.....#
##.........##


You could see an ice statue and 3 ice beasts.

Vanquished Creatures
  A hydra (Lair:1)
  Erica (Lair:1)
  3 death yaks
  A wolf spider (Lair:1)
  A merfolk siren (Lair:2)
  A black mamba (Lair:1)
  3 komodo dragons
  3 rime drakes
  A polar bear (Lair:2)
  Prince Ribbit (D:7)
  2 blink frogs (Lair:2)
  2 wyverns
  A basilisk (Lair:1)
  13 yaks
  An acid dragon (Lair:2)
  Purgy (D:3)
  5 water moccasins
  7 ice beasts
  2 ogres
  5 wolves
  A centaur (D:5)
  A big kobold (D:6)
  4 bullfrogs
  A scorpion (D:6)
  A water moccasin skeleton (D:7)
  A howler monkey (D:4)
  A hexer (IceCv)
  2 centaur skeletons
  2 hounds
  4 orc priests
  A bullfrog zombie (D:8)
  3 bullfrog skeletons
  2 orc wizards
  A jelly (D:6)
  Ijyb (D:5)
  5 worker ants
  Robin (D:2)
  A howler monkey zombie (D:5)
  A worker ant zombie (D:7)
  7 gnolls
  5 adders
  A river rat (D:5)
  A shadow imp (D:7)
  An ufetubus (D:6)
  2 oozes
  An adder skeleton (D:5)
  A worm (D:2)
  A dart slug (D:2)
  5 leopard geckos
  17 orcs
  2 bats (D:1)
  7 giant cockroaches
  10 goblins
  10 hobgoblins
  5 jackals
  3 kobolds
  A quokka (D:3)
  4 frilled lizards
  9 rats
182 creatures vanquished.

Vanquished Creatures (collateral kills)
  A hydra (Lair:2)
  Harold (D:7)
  An ugly thing (IceCv)
  An ice statue (IceCv)
  2 black mambas (Lair:3)
  A cane toad (Lair:2)
  A rime drake (Lair:1)
  Maggie (D:6)
  A komodo dragon (Lair:2)
  A blink frog (Lair:2)
  3 yaks
  A basilisk (Lair:1)
  Menkaure (D:4)
  A water moccasin (Lair:2)
  A sky beast (D:6)
  3 wolves
  A centaur (D:7)
  A scorpion (D:6)
  2 jellies
  An orc wizard (D:4)
  An orc priest (D:4)
  2 bullfrog skeletons
  A howler monkey skeleton (D:6)
  An adder (D:4)
  A shadow imp (D:6)
  A worm (D:6)
  A leopard gecko (D:6)
  7 orcs
  A goblin (D:2)
  3 hobgoblins
  2 jackals
  A quokka (D:4)
  A frilled lizard (D:3)
  A rat (D:3)
50 creatures vanquished.

Vanquished Creatures (others)
  An ugly thing (IceCv)
  A yak (Lair:3)
  5 hexers
  4 ancestors
  4 fungi
  6 plants
21 creatures vanquished.

Grand Total: 253 creatures vanquished

Notes
Turn   | Place    | Note
-------+----------+-------------------------------------------
     0 | D:1      | MalarOregon the Draconian Fighter began the quest for the
                  | Orb.
     0 | D:1      | Reached XP level 1. HP: 19/19 MP: 1/1
   306 | D:1      | Reached XP level 2. HP: 26/26 MP: 2/2
   967 | D:2      | Reached XP level 3. HP: 31/31 MP: 3/3
   977 | D:2      | Found a bloodstained altar of Trog.
   978 | D:2      | Found a glowing silver altar of Zin.
   989 | D:2      | Noticed Sigmund
  1017 | D:2      | Found an ornate altar of the Wu Jian Council.
  1018 | D:2      | Found a radiant altar of Vehumet.
  1019 | D:2      | Found a broken altar of Ashenzari.
  1019 | D:2      | Found a hazy altar of Hepliaklqana.
  1024 | D:2      | Became a worshipper of Hepliaklqana the Forgotten
  1032 | D:2      | Reached skill level 1 in Stealth
  1136 | D:2      | Found a runed translucent door.
  1137 | D:2      | Noticed Crazy Yiuf
  1172 | D:2      | Noticed Robin
  1204 | D:2      | Killed Robin
  1228 | D:2      | Reached XP level 4. HP: 7/36 MP: 4/4
  2083 | D:3      | Reached skill level 3 in Maces & Flails
  2140 | D:3      | Found a transporter.
  2145 | D:3      | Found a transporter.
  2145 | D:3      | Noticed ma3's ghost (amateur GrFi)
  2339 | D:3      | Found a burning altar of Makhleb.
  2494 | D:3      | Reached XP level 5. HP: 41/41 MP: 5/5
  2611 | D:3      | Noticed Purgy
  3555 | D:4      | Reached * piety under Hepliaklqana
  3629 | D:4      | Found a staircase to the Ecumenical Temple.
  3690 | D:4      | Reached skill level 4 in Maces & Flails
  3690 | D:4      | Reached XP level 6. HP: 14/46 MP: 6/6
  3924 | D:3      | Killed Purgy
  4144 | D:4      | Your scales start taking on a lurid green colour.
  4144 | D:4      | Reached XP level 7. HP: 54/54 MP: 7/7
  4144 | D:4      | Gained mutation: Your system is resistant to poisons.
                  | (rPois) [Green Draconian growth]
  4210 | D:4      | Reached skill level 5 in Maces & Flails
  4625 | Temple   | Entered the Ecumenical Temple
  4837 | D:5      | Entered Level 5 of the Dungeon
  4857 | D:5      | Noticed Menkaure
  4968 | D:5      | Noticed Ijyb
  5001 | D:4      | HP: 2/54 [Menkaure/nerve-wracking pain (9)]
  5005 | D:4      | Killed Menkaure
  5474 | D:5      | Reached skill level 5 in Fighting
  5723 | D:5      | Killed Ijyb
  5756 | D:5      | Reached XP level 8. HP: 58/61 MP: 8/8
  5848 | D:5      | Reached skill level 5 in Shields
  6043 | D:6      | Reached skill level 6 in Maces & Flails
  6217 | D:6      | Noticed Maggie
  6228 | D:6      | Killed Maggie
  6375 | D:6      | Reached ** piety under Hepliaklqana
  6381 | D:6      | Reached skill level 5 in Dodging
  6382 | D:6      | Remembered your ancestor Cuahtemoc as a hexer
  6570 | D:6      | Reached skill level 7 in Maces & Flails
  6725 | D:6      | Reached XP level 9. HP: 57/67 MP: 9/9
  7341 | D:7      | Noticed Prince Ribbit
  7360 | D:7      | Killed Prince Ribbit
  7669 | D:8      | Noticed Harold
  7923 | D:7      | Killed Harold
  7923 | D:7      | Reached skill level 8 in Maces & Flails
  7923 | D:7      | Reached skill level 5 in Stealth
  8194 | D:8      | Reached *** piety under Hepliaklqana
  8427 | D:8      | Found a staircase to the Lair.
  8546 | Lair:1   | Entered Level 1 of the Lair of Beasts
  8549 | Lair:1   | Noticed a komodo dragon
  8570 | D:8      | Killed a komodo dragon
  8583 | Lair:1   | Reached XP level 10. HP: 69/77 MP: 10/10
  8882 | Lair:1   | Reached skill level 9 in Maces & Flails
  9063 | Lair:1   | Noticed a black mamba
  9073 | Lair:1   | Killed a black mamba
  9152 | Lair:1   | Noticed Erica
  9166 | Lair:1   | Killed Erica
  9511 | Lair:1   | Reached skill level 10 in Maces & Flails
  9633 | Lair:1   | Got an iridescent rapier
  9634 | Lair:1   | Identified the +5 rapier of Qugupiwky {protect, rPois rF+}
                  | (You found it on level 1 of the Lair of Beasts)
  9655 | Lair:1   | Noticed a six-headed hydra
  9662 | Lair:1   | Killed a six-headed hydra
  9662 | Lair:1   | Reached skill level 1 in Short Blades
  9662 | Lair:1   | Reached XP level 11. HP: 85/85 MP: 11/11
  9973 | Lair:2   | Noticed a death yak
  9973 | Lair:2   | Noticed a death yak
  9973 | Lair:2   | Noticed a death yak
 10455 | Lair:1   | Reached skill level 1 in Invocations
 10469 | Lair:1   | Reached skill level 1 in Evocations
 10854 | Lair:2   | Reached **** piety under Hepliaklqana
 11130 | Lair:2   | Noticed a five-headed hydra
 11138 | Lair:2   | Noticed Sonja
 11138 | Lair:2   | Killed a five-headed hydra
 11352 | Lair:2   | Noticed Sonja
 11352 | Lair:2   | Sonja changed into Sonja the acid dragon
 11359 | Lair:2   | Killed Sonja the acid dragon
 11488 | Lair:2   | Noticed a wolf spider
 11511 | Lair:1   | Killed a wolf spider
 11651 | Lair:1   | Killed a death yak
 11816 | Lair:2   | Found a hole to the Spider Nest.
 11887 | Lair:2   | Killed a death yak
 11891 | Lair:2   | Killed a death yak
 12250 | Lair:2   | Found a staircase to the Shoals.
 12632 | Lair:3   | Found a broken altar of Ashenzari.
 12632 | Lair:3   | Noticed an oklob plant
 12679 | Lair:3   | Found a frozen archway.
 12687 | Lair:3   | Reached XP level 12. HP: 36/93 MP: 14/14
 12767 | Lair:3   | Reached skill level 11 in Maces & Flails
 12770 | IceCv    | Entered an ice cave
 12851 | IceCv    | Found a transporter.
 12867 | IceCv    | Found a transporter.
 12888 | IceCv    | Killed from afar by an ice statue

Illustrated notes

Levels and vault maps discovered:
D:1:      erik_arrival_cave_to_civilisation [erik_arrival_cave_to_hall],
          layout_basic
D:2:      lemuel_upstairs_altar, layout_basic,
          chequers_temple_overflow_statue_of_worship,
          grunt_temple_overflow_open, uniq_crazy_yiuf_cottage, uniq_robin,
          uniq_sigmund
D:3:      layout_basic, makhleb_heckhound_becter, gammafunk_ghost_mausoleum,
          uniq_purgy
D:4:      layout_cave_pools, minmay_temple_entry_arrows
D:5:      layout_basic, gup_sewer_entry_bowl, uniq_ijyb, uniq_menkaure
D:6:      hangedman_cross_stitches, layout_gridville, uniq_maggie
D:7:      layout_basic, uniq_prince_ribbit1
D:8:      layout_basic, lair_entry_dummy, eino_tiny_chamber, uniq_harold
Temple:   eino_narrow_crystal_temple
Lair:1:   layout_gridlike, st_stairs_12, lemuel_fruit_tree, grunt_megastairs_4,
          uniq_erica
Lair:2:   layout_cave_pods, minmay_shoals_entry_lonely_mermaid,
          spider_nest_entry_rubble, chequers_serial_rivers_micro_c,
          grunt_megastairs_3, uniq_sonja
Lair:3:   layout_hall_layers, portal_ice_cave_rime, lemuel_oklob_altar
IceCv:    ice_cave_statue_garden_transporter

Skill      XL: |  1  2  3  4  5  6  7  8  9 10 11 12 |
---------------+-------------------------------------+-----
Stealth        | 1 2 3 4 5 6 7 |  7.7
Dodging        | 3 4 5 6 7 |  7.7
Maces & Flails | 3 4 5 7 8 10 11 | 11.1
Fighting       | 4 5 6 7 8 9 |  9.2
Shields        | 4 5 6 7 9 |  9.2
Short Blades   | 1 |  1.3
Invocations    | 3 |  3.8
Evocations     | 3 |  3.5

Action                   |  1- 3 |  4- 6 |  7- 9 | 10-12 || total
-------------------------+-------+-------+-------+-------++-------
Melee: Flail             |    91 |   126 |   262 |   277 ||   756
       Tailslap          |    11 |    12 |    43 |    65 ||   131
       Rapier            |       |       |       |    29 ||    29
Throw: Dart              |       |       |       |     2 ||     2
Invok: Recall Ancestor   |       |     1 |     3 |     5 ||     9
       Ancestor Life: He |       |       |     1 |       ||     1
       Idealise          |       |       |       |     2 ||     2
 Abil: Breathe Noxious F |       |       |     5 |    10 ||    15
Evoke: Wand              |       |       |       |    30 ||    30
  Use: Scroll            |       |     9 |    11 |     4 ||    24
       Potion            |       |     1 |     2 |     3 ||     6
 Stab: Sleeping          |       |     1 |     3 |     7 ||    11
       Distracted        |       |       |     3 |     5 ||     8
       Confused          |       |       |     8 |    13 ||    21
Armor: Skin              |    17 |    55 |    42 |    41 ||   155
Dodge: Dodged            |    29 |    58 |    50 |    77 ||   214
Block: Kite shield       |    24 |    47 |       |       ||    71
       Tower shield      |       |    50 |   250 |   295 ||   595
       Reflection        |       |       |    10 |     3 ||    13

Table legend: (Time is in decaauts)
 A = Elapsed time spent in this place.
 B = Non-inter-level travel time spent in this place.
 C = Inter-level travel time spent in this place.
 D = Time resting spent in this place.
 E = Time spent auto-exploring this place.
 F = Levels seen in this place.
 G = Mean time per level.
                   A        B        C        D        E       F      G
               +--------+--------+--------+--------+--------+-----+--------+
         Total |  13035 |  12397 |    638 |   3187 |   6676 |  13 | 1002.7 |
       Dungeon |   8730 |   8285 |    445 |   1732 |   4934 |   8 | 1091.2 |
        Temple |    203 |    191 |     12 |      0 |    190 |   1 |  203.0 |
          Lair |   3985 |   3804 |    181 |   1419 |   1551 |   3 | 1328.3 |
      Ice Cave |    116 |    116 |      0 |     35 |      0 |   1 |  116.0 |
               +--------+--------+--------+--------+--------+-----+--------+

Top non-repeatable levels by time:
  Lair:1: 2350 daAuts
     D:3: 1524 daAuts
  Lair:2: 1508 daAuts
     D:2: 1442 daAuts
     D:4: 1114 daAuts
     D:7: 1110 daAuts
     D:5: 961 daAuts
     D:1: 896 daAuts
     D:6: 888 daAuts
     D:8: 792 daAuts
  Temple: 203 daAuts
  Lair:3: 126 daAuts
   IceCv: 116 daAuts
